 Dungeon Crawl Stone Soup version 0.31-a0-232-gb1c03b2570 (webtiles) character file.

Game seed: 7745871506879066162

1407 qw the Skirmisher (level 8, -1/50 HPs)
             Began as a Gargoyle Hexslinger on July 7, 2023.
             Shot with an arrow by a centaur (8 damage)
             ... on level 6 of the Dungeon.
             The game lasted 00:01:48 (4081 turns).

qw the Skirmisher (Gargoyle Hexslinger)             Turns: 4081, Time: 00:01:49

Health: -1/50      AC: 13    Str: 17    XL:     8   Next: 70%
Magic:  9/9        EV: 11    Int: 15    God:
Gold:   70         SH:  0    Dex: 14    Spells: 8/9 levels left

rFire   . . .        Y - +3 longbow (elec)
rCold   + . .        (shield currently unavailable)
rNeg    + . .        b - +0 ring mail
rPois   inf          (no helmet)
rElec   +            (no cloak)
rCorr   .            j - +0 pair of gloves
SInv    .            c - +0 pair of boots "Zograwno" {Slay+5}
Will    .....        (no amulet)
Stlth   +            d - ring of protection from cold
HPRegen 0.28/turn    e - +6 ring of strength
MPRegen 0.11/turn

%: no passive effects
@: no status effects
A: sickness immunity, AC +5, negative energy resistance 1, electricity
resistance, torment resistance 1, petrification resistance
a: no special abilities


You were on level 6 of the Dungeon.
You visited 1 branch of the dungeon, and saw 6 of its levels.

You collected 376 gold pieces.
You spent 306 gold pieces at shops.


Innate Abilities, Weirdness & Mutations

You are immune to sickness and miasma.
Your stone body is resilient. (AC +5)
You are immune to poison.
You resist negative energy. (rN+)
You are resistant to electric shocks. (rElec)
You are resistant to unholy torment.
You are immune to petrification.


   Skills:
 - Level 5.4 Fighting
 + Level 8.9 Ranged Weapons
 - Level 3.0 Armour
 - Level 1.5 Dodging
 - Level 1.0 Spellcasting
 - Level 2.6 Hexes


You had 8 spell levels left.
You knew the following spells:

 Your Spells              Type           Power      Damage    Failure   Level
a - Slow                  Hex            32%        N/A       14%         1

Your spell library contained the following spells:

 Spells                   Type           Power      Damage    Failure   Level
 Inner Flame              Hex/Fire       4%         N/A       58%         3
 Portal Projectile        Hex/Tloc       8%         N/A       58%         3
 Cause Fear               Hex            4%         N/A       82%         4

Inventory:

Hand Weapons
 Y - a +3 longbow of electrocution (weapon)
Armour
 b - a +0 ring mail (worn)
 c - the +0 pair of boots "Zograwno" (worn) {Slay+5}
   (You found it on level 6 of the Dungeon)

   Slay:      It affects your accuracy & damage with ranged weapons and melee
   (+5).
 f - the +0 leather armour of the Zebra {Harm rC+ rN+}
   (You took it off an orc on level 4 of the Dungeon)

   rC:        It protects you from cold.
   rN:        It protects you from negative energy.
   Harm:      It increases damage dealt and taken.
 j - a +0 pair of gloves (worn)
Jewellery
 d - a ring of protection from cold (left hand)
 e - a +6 ring of strength (right hand)
 g - a ring of ice
Scrolls
 a - 4 scrolls of identify
Potions
 h - a potion of curing

Dungeon Overview and Level Annotations

Branches:
Dungeon (6/15)
 Temple: D:4-7

Altars:
Dithmenos
Makhleb
Nemelex Xobeh

Shops:
D:4 *   D:5 =   D:6 ?

Annotations:
D:3 1 runed translucent door, Crazy Yiuf
D:4 2 transporters


Message History

Enter note:
Enter note:
Enter note:
Enter note:
Enter note: You shoot an arrow.
The arrow hits the steam dragon.
The steam dragon is lightly wounded.
You shoot an arrow. The arrow hits the steam dragon.
The steam dragon is moderately wounded.
You shoot an arrow. The arrow hits the steam dragon!
Lightning courses through the steam dragon!
The steam dragon is almost dead.
You shoot an arrow. The arrow hits the steam dragon.
The steam dragon is almost dead.
The steam dragon breathes steam at you. The ball of steam hits you!
You shoot an arrow.
The arrow barely misses the steam dragon.
You are engulfed in a cloud of scalding steam.
A centaur comes into view.
You shoot an arrow.
The arrow barely misses the steam dragon.
You are engulfed in a cloud of scalding steam.
The centaur wields a +0 orcbow.
The centaur shoots an arrow.
The arrow hits you. The steam dragon completely misses you.
The steam dragon closely misses you.
The steam dragon bites you but does no damage.
The steam dragon closely misses you.
The centaur shoots an arrow.
The arrow misses you.
You shoot an arrow. The arrow hits the steam dragon!
Lightning courses through the steam dragon!
You kill the steam dragon!
The steam dragon scales are intact enough to wear.
You are engulfed in a cloud of scalding steam.
The centaur shoots an arrow.
The arrow barely misses you.
The centaur shoots an arrow.
The arrow barely misses you.
You shoot an arrow. The arrow hits the centaur.
The centaur is lightly wounded.
You feel your willpower return.
The centaur shoots an arrow.
The arrow hits you!
You die...

#............##<###....#
###...#....\...#..# #..###
.##.###........#.####(.#####
....# #..........##........#
..###
#........#.....#####... ..#
#.....(....#......# # .##
#.........##..###..# ##
##.##......[...# .# #
#..###.....@...# ..
####.###..........# ## #
#.........#.##....#
###........##.#..##.#
##........###...##..#
#.##.....## #..## ##
.....#...## #..# #.###.....#
..c# ....#.###...#.$Y


You could see a centaur.

Vanquished Creatures
  Grinder (D:3)
  A steam dragon (D:6)
  A water moccasin (D:4)
  2 ice beasts (D:6)
  An ogre (D:4)
  A phantom (D:3)
  2 scorpions
  A jelly (D:4)
  An orc priest (D:3)
  A gnoll bouda (D:5)
  A hound (D:5)
  2 sleepcaps
  An iguana (D:5)
  Natasha (D:4)
  14 gnolls
  6 adders
  2 ufetubi (D:5)
  A worm (D:4)
  A dart slug (D:1)
  9 orcs
  8 ball pythons
  7 bats
  6 endoplasms
  A giant cockroach (D:1)
  2 goblins (D:1)
  8 hobgoblins
  11 jackals (D:1)
  6 kobolds
  4 quokkas
  3 frilled lizards
  4 rats (D:1)
110 creatures vanquished.

Notes
Turn   | Place    | Note
-------+----------+-------------------------------------------
     0 | D:1      | qw the Gargoyle Hexslinger began the quest for the Orb.
     0 | D:1      | Reached XP level 1. HP: 12/12 MP: 2/2
     0 | D:1      | 0 ||| qw: Version: 0.3-a-46-gb1f654a
     0 | D:1      | 0 ||| qw: Game counter: 2594
     0 | D:1      | 0 ||| qw: Melee chars always use a shield: true
     0 | D:1      | 0 ||| qw: God list: Okawaru
     0 | D:1      | 0 ||| qw: Allow faded altars: false
     0 | D:1      | 0 ||| qw: Do Orc after clearing Dungeon:15 true
     0 | D:1      | 0 ||| qw: Do second Lair branch before Depths: true
     0 | D:1      | 0 ||| qw: Lair rune preference: random
     0 | D:1      | 0 ||| qw: Goals: Normal
     0 | D:1      | 0 ||| PLANNING D:1-11
    40 | D:1      | 40 ||| FLEEEEING.
    84 | D:1      | Reached XP level 2. HP: 16/16 MP: 3/3
   217 | D:1      | Reached skill level 3 in Ranged Weapons
   393 | D:1      | Reached XP level 3. HP: 19/21 MP: 4/4
   597 | D:1      | Found a faded altar of an unknown god.
   788 | D:1      | 788 ||| UPGRADING to +0 leather armour.
   798 | D:1      | 798 ||| DROPPING +0 robe.
   799 | D:1      | 799 ||| UPGRADING to ring of protection from cold.
   800 | D:1      | 800 ||| READING 2 scrolls labelled WIDEPL CIATRA.
   801 | D:1      | 801 ||| DROPPING scroll of poison.
  1520 | D:2      | Reached skill level 4 in Ranged Weapons
  1520 | D:2      | Reached XP level 4. HP: 24/26 MP: 5/5
  1675 | D:2      | 1675 ||| UPGRADING to +0 ring mail.
  1685 | D:2      | 1685 ||| DROPPING +0 leather armour.
  1686 | D:2      | 1686 ||| UPGRADING to +0 pair of gloves.
  1691 | D:2      | 1691 ||| DROPPING ring of flight.
  1692 | D:2      | 1692 ||| READING 2 scrolls labelled LUOGIR ONGOIFI.
  1693 | D:2      | 1693 ||| READING 2 scrolls labelled JAIPAPTOTH.
  1694 | D:2      | 1694 ||| READING scroll of enchant weapon.
  1694 | D:2      | 1694 ||| ENCHANTING +2 sling.
  1695 | D:2      | 1695 ||| READING 2 scrolls labelled XEOLIKUFYH.
  1696 | D:2      | 1696 ||| DRINKING 3 sedimented sapphire potions.
  1697 | D:2      | 1697 ||| DROPPING 2 potions of attraction.
  1698 | D:2      | 1698 ||| DROPPING scroll of amnesia.
  1699 | D:2      | 1699 ||| DROPPING scroll of immolation.
  1762 | D:3      | Noticed a phantom
  1779 | D:3      | Killed a phantom
  1780 | D:3      | Reached skill level 3 in Armour
  1780 | D:3      | Reached XP level 5. HP: 14/30 MP: 6/6
  1964 | D:3      | 1964 ||| FLEEEEING.
  2049 | D:3      | Noticed Grinder
  2054 | D:3      | Paralysed by Grinder for 2 turns
  2063 | D:3      | 2063 ||| FLEEEEING.
  2067 | D:3      | 2067 ||| FLEEEEING.
  2070 | D:3      | 2070 ||| FLEEEEING.
  2071 | D:3      | 2071 ||| FLEEEEING.
  2072 | D:3      | 2072 ||| FLEEEEING.
  2078 | D:3      | Paralysed by Grinder for 4 turns
  2083 | D:3      | Killed Grinder
  2084 | D:3      | Reached skill level 6 in Ranged Weapons
  2084 | D:3      | Reached XP level 6. HP: 35/35 MP: 7/7
  2322 | D:3      | Found a runed translucent door.
  2323 | D:3      | Noticed Crazy Yiuf
  2326 | D:3      | 2326 ||| READING 2 scrolls labelled CUSAAXZIUP.
  2326 | D:3      | Identified 2 scrolls of acquirement
  2326 | D:3      | 2326 ||| ACQUIRING +0 hand crossbow of freezing
  2326 | D:3      | Acquired a +0 hand crossbow of freezing
  2328 | D:3      | 2328 ||| SWAPPING to +0 hand crossbow of freezing.
  2329 | D:3      | 2329 ||| DROPPING +3 sling.
  2330 | D:3      | 2330 ||| READING scroll of acquirement.
  2330 | D:3      | 2330 ||| ACQUIRING +1 arbalest of Ash {heavy, rF+}
  2330 | D:3      | Acquired the +1 arbalest of Ash {heavy, rF+}
  2332 | D:3      | 2332 ||| SWAPPING to +1 arbalest of Ash {heavy, rF+}.
  2333 | D:3      | 2333 ||| DROPPING +0 hand crossbow of freezing.
  2334 | D:3      | 2334 ||| READING scroll labelled TIH QEUFEBAYSCH.
  2335 | D:3      | 2335 ||| DRINKING 3 sedimented brown potions.
  2336 | D:3      | 2336 ||| DROPPING 2 potions of degeneration.
  2367 | D:4      | Found Tofubeel's Elemental Accessories.
  2440 | D:4      | Found a transporter.
  2442 | D:4      | Noticed a fire bat
  2442 | D:4      | Noticed a fire bat
  2462 | D:4      | Reached skill level 3 in Fighting
  2462 | D:4      | Reached XP level 7. HP: 41/41 MP: 8/8
  2489 | D:4      | Found a transporter.
  2546 | D:4      | Found a burning altar of Makhleb.
  2548 | D:4      | Noticed a balrug
  2552 | D:4      | Noticed a ynoxinul
  2552 | D:4      | Noticed an orange demon
  2593 | D:4      | Noticed Natasha
  2685 | D:4      | Identified the +0 leather armour of the Zebra {Harm rC+
                  | rN+}
  2760 | D:4      | Found a sparkling altar of Nemelex Xobeh.
  2930 | D:4      | 2930 ||| UPGRADING to +6 ring of strength.
  2931 | D:4      | 2931 ||| READING scroll labelled IPYFIN XUULEU.
  2932 | D:4      | 2932 ||| READING 3 scrolls of identify.
  2932 | D:4      | 2932 ||| IDENTIFYING fuming inky potion
  2933 | D:4      | 2933 ||| DROPPING potion of lignification.
  2939 | D:5      | Entered Level 5 of the Dungeon
  2974 | D:5      | Found Pingetid's Jewellery Emporium.
  2988 | D:5      | 2988 ||| SHOPLISTING amulet of faith (400 gold, have 264).
  2988 | D:5      | 2988 ||| SHOPLISTING ring "Xal Gung" {rF+ Will+ Str+4 Int+2
                  | Dex+6} (682 gold, have 264).
  2988 | D:5      | 2988 ||| BUYING ring of ice (250 gold).
  2988 | D:5      | Bought a ring of ice for 250 gold pieces
  2988 | D:5      | 2988 ||| SHOPLISTING ring of resist corrosion (200 gold,
                  | have 14).
  2988 | D:5      | 2988 ||| SHOPLISTING ring of willpower (250 gold, have 14).
  3017 | D:5      | Reached skill level 7 in Ranged Weapons
  3095 | D:5      | 3095 ||| Stepping ~*~*~tactically~*~*~ (outnumbered).
  3097 | D:5      | 3097 ||| Stepping ~*~*~tactically~*~*~ (outnumbered).
  3099 | D:5      | 3099 ||| Stepping ~*~*~tactically~*~*~ (outnumbered).
  3134 | D:5      | 3134 ||| STAIRDANCE
  3167 | D:5      | Reached XP level 8. HP: 48/48 MP: 9/9
  3250 | D:5      | 3250 ||| READING scroll of acquirement.
  3250 | D:5      | 3250 ||| ACQUIRING +3 longbow of electrocution
  3250 | D:5      | Acquired a +3 longbow of electrocution
  3252 | D:5      | 3252 ||| SWAPPING to +3 longbow of electrocution.
  3253 | D:5      | 3253 ||| DROPPING +1 arbalest of Ash {heavy, rF+}.
  3294 | D:5      | Found a shadowy altar of Dithmenos.
  3364 | D:5      | 3364 ||| READING 3 scrolls of identify.
  3364 | D:5      | 3364 ||| IDENTIFYING fizzy blue potion
  3371 | D:5      | 3371 ||| STAIRDANCE
  3373 | D:4      | Killed Natasha
  3608 | D:5      | 3608 ||| READING scroll labelled LOC JOQUNTAXT.
  3741 | D:6      | Found Qodeaklo's Magic Scroll Shoppe.
  3750 | D:6      | Identified the +0 pair of boots "Zograwno" {Slay+5}
  3757 | D:6      | Reached skill level 8 in Ranged Weapons
  3758 | D:6      | 3758 ||| SHOPLISTING scroll of acquirement (728 gold, have
                  | 63).
  3758 | D:6      | 3758 ||| BUYING scroll of identify (28 gold).
  3758 | D:6      | Bought a scroll of identify for 28 gold pieces
  3758 | D:6      | 3758 ||| BUYING scroll of identify (28 gold).
  3758 | D:6      | Bought a scroll of identify for 28 gold pieces
  3758 | D:6      | 3758 ||| SHOPLISTING scroll of identify (28 gold, have 7).
  3982 | D:6      | 3982 ||| Stepping ~*~*~tactically~*~*~ (cloud).
  3983 | D:6      | 3983 ||| Stepping ~*~*~tactically~*~*~ (cloud).
  3998 | D:6      | 3998 ||| FLEEEEING.
  4000 | D:6      | 4000 ||| FLEEEEING.
  4001 | D:6      | 4001 ||| FLEEEEING.
  4002 | D:6      | 4002 ||| FLEEEEING.
  4003 | D:6      | 4003 ||| FLEEEEING.
  4004 | D:6      | 4004 ||| FLEEEEING.
  4005 | D:6      | 4005 ||| FLEEEEING.
  4006 | D:6      | 4006 ||| FLEEEEING.
  4007 | D:6      | 4007 ||| FLEEEEING.
  4008 | D:6      | 4008 ||| STAIRDANCE
  4049 | D:5      | 4049 ||| UPGRADING to +0 pair of boots "Zograwno" {Slay+5}.
  4054 | D:5      | 4054 ||| READING scroll labelled RAGILER SAIN.
  4080 | D:6      | HP: 7/50 [something (10)]
  4081 | D:6      | Shot with an arrow by a centaur

Levels and vault maps discovered:
D:1:      shiori_shiawase, layout_basic, hellmonk_ecumenical_altar_zigzags,
          minmay_3d_cube
D:2:      layout_loops_corners, minmay_close_crescents
D:3:      layout_rooms, uniq_grinder, uniq_crazy_yiuf_cottage
D:4:      gammafunk_cloud_chamber, layout_rooms, nicolae_overflow_hidden_temple,
          makhleb_altar_promises_db, nicolae_elemental_shop,
          grunt_decor_mini_mirrors, uniq_natasha
D:5:      layout_basic, nicolae_overflow_crystal_walls, serial_shops,
          nicolae_shop_statue_plus
D:6:      layout_rooms, minmay_temple_entry_gardened_gates, serial_shops, shop,
          roderic_lattice_a, minmay_holes, dk_noncrumbling_3, st_stairs_13

Skill      XL: |  1  2  3  4  5  6  7  8 |
---------------+-------------------------+-----
Ranged Weapons | 3 4 6 7 8 |  8.9
Fighting       | 2 3 4 5 |  5.4
Armour         | 3 |  3.0
Dodging        | |  1.5
Spellcasting   | |  1.0
Hexes          | |  2.6

Action                     |  1- 3 |  4- 6 |  7- 9 || total
---------------------------+-------+-------+-------++-------
   Fire: Sling             |   168 |    91 |       ||   259
         Arbalest          |       |    13 |    73 ||    86
         Longbow           |       |       |    53 ||    53
    Use: Scroll            |     1 |     7 |     6 ||    14
         Potion            |       |     2 |       ||     2
 Armour: Robe              |    31 |       |       ||    31
         Leather armour    |    12 |       |       ||    12
         Ring mail         |       |    56 |    41 ||    97
  Dodge: Dodged            |    77 |    57 |    62 ||   196

Table legend:
 A = Non-vault XP
 B = Vault XP
 C = Vault XP percentage of total XP
 D = Non-vault monster count
 E = Vault monster count
 F = Vault count percentage of total count
                 A         B        C        D         E       F
            +---------+---------+-------+---------+---------+-------
      Total |    1691 |     320 |  15.9 |     102 |       8 |   7.3
            +---------+---------+-------+---------+---------+-------
        D:1 |      58 |       4 |   6.5 |      34 |       2 |   5.6
        D:2 |      24 |       8 |  25.0 |       9 |       4 |  30.8
        D:3 |     204 |     272 |  57.1 |      12 |       1 |   7.7
        D:4 |     432 |      36 |   7.7 |      16 |       1 |   5.9
        D:5 |     331 |       0 |   0.0 |      18 |       0 |   0.0
        D:6 |     642 |       0 |   0.0 |      13 |       0 |   0.0
            +---------+---------+-------+---------+---------+-------
